Map: Redstorm

Players

Entrophic

  • Race: Terran Terran
  • League: Diamond
  • Spawn Location: 7:00

SmokinTreez

  • Race: Protoss Protoss
  • League: Silver
  • Spawn Location: 7:00

Afpak - Winner!

  • Race: Terran Terran
  • League: Platinum
  • Spawn Location: 1:00

Leon - Winner!

  • Race: Terran Terran
  • League: Diamond
  • Spawn Location: 1:00

VOD

Have the link to the VOD?

Description

Terran Well-Rounded Mech Play

Time

  • Played on: June 27, 2018, 10:12 a.m.
  • Length: 14:30
Show
View Real Time Build Order
Export as new Build Order

Entrophic Terran 

Build Orders:  

Get SALT Encoding   

  12  0:01  SCV  
  13  0:15  Supply Depot  
  13  0:18  SCV  
  14  0:45  Barracks  
  14  0:48  Refinery, SCV  
  15  1:00  SCV  
  16  1:12  SCV  
  17  1:24  SCV  
  18  1:33  Barracks  
  18  1:34  Barracks Tech Lab  
  18  1:53  Reaper  
  19  1:55  Orbital Command  
  20  2:22  SCV  
  20  2:26  Factory  
  20  2:35  SCV  
  21  2:46  Refinery  
  21  2:47  SCV  
  22  2:59  SCV  
  22  3:30  Starport  
  22  3:38  Factory Reactor  
  22  3:45  Command Center  
  22  4:00  Command Center  
  22  4:02  Marine  
  23  4:03  Combat Shield  
  23  4:06  Barracks Reactor  
  23  4:28  Engineering Bay  
  23  4:40  Supply Depot  
  23  4:42  Supply Depot  
  23  4:47  Command Center  
  23  4:56  Marine  
  23  4:57  Medivac x2  
  23  4:58  Marine x2  
  30  5:02  Engineering Bay  
  30  5:04  Terran Infantry Weapons Level 1  
  30  5:08  Orbital Command  
  30  5:15  Marine  
  30  5:16  Marine  
  30  5:19  Orbital Command  
  32  5:31  Marine  
  32  5:33  Marine x2  
  35  5:39  Terran Infantry Armor Level 1  
  35  5:49  Marine  
  11  6:12  Marine  
  11  6:13  Marine x2  
  11  6:26  Medivac  
  11  6:30  Marine  
  11  6:31  Marine x2  
  10  6:48  Marine  
  10  6:49  SCV, Marine  
  13  7:14  Barracks Tech Lab  
  13  7:22  SCV  
  14  7:23  SCV  
  14  7:25  SCV  
  16  7:35  SCV  
  17  7:37  SCV  
  17  7:40  Marine x2  
  17  7:41  Marine  
  17  7:44  SCV  
  22  7:49  SCV  
  22  7:50  SCV  
  24  7:52  Orbital Command  
  24  7:56  SCV  
  24  7:58  Marine x2  
  26  7:59  Marine  
  26  8:01  SCV  
  26  8:02  SCV  
  30  8:08  SCV  
  31  8:13  Sensor Tower  
  31  8:19  Marine x2  
  33  8:20  SCV  
  35  8:27  SCV  
  35  8:32  SCV  
  36  8:37  Marine x2  
  36  8:38  SCV  
  36  8:39  SCV  
  40  8:44  SCV  
  40  8:45  Refinery  
  41  8:48  Refinery  
  41  8:50  SCV  
  41  8:51  SCV  
  43  9:02  SCV x2  
  45  9:06  Refinery  
  45  9:07  Refinery  
  45  9:14  SCV x2  
  47  9:24  Marine  
  47  9:25  Marine x2  
  47  9:26  SCV x2  
  47  9:28  Stimpack  
  52  9:39  Armory  
  52  9:42  Marine x2  
  52  9:43  Marine  
  55  10:00  Marine x3  
  49  10:18  Marine x3  
  51  10:22  Medivac x2  
  55  10:36  SCV, Marine x3  
  59  10:43  SCV  
  59  10:48  SCV  
  61  10:53  Marine  
  61  10:55  SCV  
  63  11:00  SCV  
  64  11:08  SCV  
  65  11:19  SCV  
  65  11:20  Factory Tech Lab  
  66  11:31  SCV  
  67  11:43  SCV  
  68  12:01  SCV  
Show
View Real Time Build Order
Export as new Build Order

SmokinTreez Protoss 

Build Orders:  

Get SALT Encoding   

  12  0:05  Probe  
  13  0:17  Pylon  
  13  0:21  Probe  
  14  0:37  Gateway  
  14  0:42  Probe  
  15  0:51  Assimilator, Probe  
  16  0:59  Probe  
  17  1:08  Probe  
  18  1:12  Forge  
  18  1:21  Probe  
  19  1:34  Probe, Cybernetics Core  
  20  1:40  Zealot  
  22  1:48  Pylon  
  22  1:50  Probe  
  23  1:56  Assimilator  
  23  2:06  Probe  
  24  2:21  Stargate  
  24  2:27  Pylon  
  24  2:36  Probe  
  25  3:05  Void Ray  
  29  3:25  Nexus  
  29  3:40  Stargate  
  29  3:49  Void Ray  
  33  4:07  Pylon  
  33  4:17  Shield Battery  
  33  4:24  Shield Battery  
  33  4:31  Photon Cannon  
  33  4:32  Photon Cannon  
  33  4:39  Photon Cannon  
  33  4:41  Photon Cannon  
  33  4:50  Photon Cannon  
  33  4:55  Photon Cannon  
  33  5:05  Probe  
  33  5:13  Probe  
  35  5:23  Probe  
  35  5:25  Protoss Air Weapons Level 1  
  36  5:28  Void Ray  
  36  5:29  Void Ray  
  44  5:40  Assimilator  
  44  5:42  Probe  
  45  5:53  Probe  
  46  6:01  Probe  
  46  6:11  Probe, Void Ray  
  50  6:23  Probe, Void Ray  
  55  6:35  Probe  
  56  7:19  Void Ray  
  56  7:20  Void Ray  
  44  7:49  Assimilator  
  44  7:54  Void Ray x2  
  44  8:04  Nexus  
  52  8:21  Probe  
  53  8:29  Probe  
  54  8:38  Probe  
  54  8:40  Void Ray  
  59  8:48  Pylon  
  59  8:50  Probe  
  59  8:52  Pylon  
  59  8:55  Pylon  
  60  8:58  Pylon  
  60  9:03  Probe  
  60  9:06  Void Ray  
  65  9:15  Probe  
  66  9:23  Void Ray  
  70  9:27  Probe  
  70  9:28  Fleet Beacon  
  71  9:39  Probe  
  72  9:48  Void Ray  
  72  9:51  Probe  
  77  10:06  Void Ray  
  45  11:18  Robotics Facility  
  45  11:20  Robotics Facility  
  45  11:21  Robotics Facility  
  45  12:14  Robotics Bay  
  34  13:16  Colossus x2  
  34  13:17  Colossus  
  27  13:37  Pylon  
  22  13:50  Pylon  
  22  13:53  Pylon  
Show
View Real Time Build Order
Export as new Build Order

Afpak Terran - Winner!

Build Orders: MMM Bio 

Get SALT Encoding   

  12  0:01  SCV  
  13  0:20  Supply Depot  
  13  0:22  SCV  
  14  0:46  Barracks  
  14  0:47  SCV  
  15  1:00  SCV  
  16  1:12  SCV  
  16  1:18  Command Center  
  17  1:26  Refinery  
  17  1:38  Barracks  
  17  1:47  Orbital Command  
  17  1:53  Marine  
  18  2:09  Engineering Bay  
  18  2:14  Barracks Reactor  
  18  2:24  SCV  
  18  2:29  Supply Depot  
  19  2:36  Barracks Tech Lab  
  19  2:39  Refinery  
  19  2:44  Orbital Command  
  18  3:03  Marine x2  
  20  3:06  Factory  
  20  3:10  SCV x2  
  22  3:15  Marine  
  22  3:27  SCV  
  22  3:28  SCV  
  22  3:30  Missile Turret  
  24  3:42  Stimpack  
  24  3:43  Missile Turret, SCV  
  25  4:00  SCV, Marine  
  25  4:01  SCV  
  28  4:03  Starport  
  28  4:13  SCV  
  28  4:16  SCV  
  30  4:17  Marine  
  30  4:18  Marine  
  32  4:25  SCV  
  33  4:33  Refinery, Supply Depot  
  33  4:34  Marine  
  33  4:35  Marine  
  35  4:41  Factory Tech Lab  
  35  4:42  Medivac  
  37  4:45  Terran Infantry Weapons Level 1  
  37  4:48  SCV x2  
  37  4:52  Marine x2  
  41  4:57  Marine  
  42  5:00  SCV  
  43  5:10  Marine x2  
  43  5:12  SCV x2  
  47  5:15  Marine  
  48  5:22  Medivac  
  48  5:24  SCV  
  48  5:25  SCV  
  48  5:28  Marine x2  
  54  5:34  Command Center  
  54  5:37  Supply Depot, Marine  
  55  5:43  Refinery  
  55  5:45  Marine  
  55  5:46  Marine  
  57  5:55  Marine  
  58  6:03  SCV x2, Marine x2  
  61  6:13  Marine  
  54  6:21  Marine x2  
  56  6:25  Supply Depot  
  56  6:28  Starport Reactor  
  56  6:31  Marine  
  57  6:39  Marine x2  
  59  6:42  Terran Infantry Armor Level 1  
  59  6:44  Engineering Bay  
  59  6:45  Sensor Tower  
  59  6:48  Marine  
  59  6:49  Supply Depot  
  59  6:51  Armory  
  60  6:57  Marine x2  
  62  7:06  Marine  
  63  7:10  Medivac, Hellion  
  63  7:14  Marine  
  63  7:15  Marine  
  63  7:24  Marine  
  59  7:36  Marine x2  
  52  7:42  Marine  
  54  7:50  Orbital Command  
  54  7:52  Combat Shield  
  54  7:54  Marine x2  
  54  7:57  Barracks  
  56  8:00  Marine  
  57  8:12  Marine x2  
  58  8:17  Marine  
  59  8:23  Starport  
  59  8:25  Supply Depot x2  
  61  8:27  Starport, SCV x3  
  61  8:30  Marine x2  
  64  8:35  Marine  
  64  8:39  SCV x3  
  64  8:40  Terran Infantry Armor Level 2, Terran Infantry Weapons Level 2  
  68  8:48  Marine x2  
  70  8:49  Missile Turret  
  70  8:51  SCV x2  
  70  8:53  Marine  
  70  8:54  Barracks Reactor  
  73  9:01  Starport Tech Lab  
  73  9:04  Medivac x2  
  73  9:05  Starport Tech Lab, Marine  
  73  9:06  SCV x2, Marine  
  73  9:07  SCV  
  82  9:10  Refinery  
  82  9:11  Refinery  
  82  9:18  SCV  
  82  9:19  SCV x2  
  82  9:23  Marine x3  
  88  9:25  Corvid Reactor  
  88  9:26  High Capacity Fuel Tanks  
  88  9:28  Raven x2  
  92  9:41  Marine x2  
  94  9:59  SCV  
  96  10:00  SCV x2  
  90  10:11  Raven  
  90  10:12  SCV x2  
  87  10:15  Marine x3, Reaper  
  87  10:16  Marine  
  91  10:22  Raven  
  93  10:33  Marine x4  
  97  10:36  Command Center  
  96  10:47  Marine  
  90  10:51  Marine x4  
  90  10:54  Raven  
  93  11:00  Medivac  
  95  11:05  Raven, Marine  
  95  11:07  Terran Infantry Armor Level 3, Terran Infantry Weapons Level 3  
  95  11:09  Marine x4  
  102  11:19  Supply Depot  
  102  11:20  Supply Depot x2  
  102  11:21  Supply Depot  
  102  11:22  Supply Depot  
  102  11:23  Supply Depot, Marine  
  103  11:26  Marine  
  103  11:27  Marine x3  
  107  11:37  Raven  
  107  11:39  Terran Vehicle And Ship Armor Level 1  
  109  11:41  Marine  
  109  11:44  Fusion Core  
  110  11:48  Raven  
  112  12:11  Command Center  
  112  12:26  Raven  
  112  12:28  Marauder  
  116  12:31  Raven  
  118  12:41  Missile Turret  
  118  12:42  Missile Turret  
  118  12:43  Missile Turret  
  118  12:45  Missile Turret  
  118  13:04  Missile Turret x2  
  118  13:08  Missile Turret  
  118  13:09  Raven  
  116  13:13  Raven  
  115  13:21  Marine x3  
  115  13:22  Marine x2  
  119  13:39  Marine x4  
  119  13:40  Marine  
  122  13:53  Planetary Fortress  
  122  13:54  Planetary Fortress  
  122  13:57  Missile Turret, Marine x5  
  122  13:59  Missile Turret  
  122  14:00  Missile Turret  
  127  14:03  Missile Turret  
  132  14:20  Missile Turret  
  132  14:21  Missile Turret  
Show
View Real Time Build Order
Export as new Build Order

Leon Terran - Winner!

Build Orders: Mech 

Get SALT Encoding   

  12  0:01  SCV  
  13  0:13  SCV  
  14  0:18  Supply Depot  
  14  0:25  SCV  
  15  0:40  SCV  
  15  0:41  Barracks  
  16  0:49  Refinery  
  16  0:52  SCV  
  17  1:04  SCV  
  18  1:16  SCV  
  18  1:18  Refinery  
  19  1:28  SCV  
  19  1:32  Barracks Reactor  
  20  1:47  Command Center  
  20  1:52  SCV  
  21  2:02  Factory  
  21  2:07  SCV  
  22  2:20  Barracks Tech Lab  
  22  2:25  Orbital Command  
  22  2:50  Barracks Tech Lab  
  22  2:51  SCV  
  23  2:59  Hellion x2  
  23  3:03  Supply Depot, SCV  
  28  3:06  Supply Depot  
  28  3:14  Orbital Command  
  28  3:30  SCV  
  28  3:34  Cyclone x2  
  35  3:41  Factory  
  35  3:42  SCV  
  35  3:47  SCV  
  37  3:54  SCV  
  38  3:58  Engineering Bay  
  38  3:59  SCV  
  39  4:06  SCV  
  40  4:12  SCV  
  40  4:15  Supply Depot  
  40  4:16  Hellion  
  43  4:18  SCV  
  43  4:19  Hellion  
  46  4:24  SCV  
  46  4:26  Factory  
  47  4:37  SCV  
  48  4:41  Missile Turret  
  48  4:44  Missile Turret, SCV  
  49  4:49  SCV  
  49  4:51  Armory  
  50  4:56  Armory, SCV  
  51  5:01  SCV  
  52  5:08  SCV  
  52  5:09  Refinery  
  52  5:12  Refinery  
  52  5:13  SCV  
  54  5:16  Siege Tank x2  
  54  5:18  Widow Mine  
  62  6:04  Hellion  
  62  6:05  Widow Mine  
  61  6:11  Hellion  
  61  6:20  Siege Tank  
  62  6:25  Hellion  
  62  6:35  Terran Vehicle Weapons Level 1  
  62  6:36  Terran Ship Weapons Level 1  
  62  6:37  Hellion  
  62  6:44  SCV, Hellion  
  62  6:45  SCV  
  62  6:47  Hellion  
  62  6:52  Siege Tank  
  59  6:55  Starport  
  59  6:57  SCV  
  59  6:58  Hellion  
  59  6:59  Starport  
  59  7:00  Starport  
  62  7:05  Hellion  
  62  7:10  Missile Turret  
  62  7:11  Hellion  
  62  7:13  Missile Turret, SCV  
  58  7:20  Hellion  
  60  7:23  Supply Depot  
  60  7:24  Hellion  
  60  7:25  Supply Depot  
  60  7:26  Supply Depot  
  60  7:28  Missile Turret  
  60  7:29  Command Center  
  62  7:33  SCV x2, Hellion x2  
  68  7:45  Thor, SCV  
  75  7:54  Thor, Viking  
  75  7:55  Viking x2  
  87  8:28  Thor  
  93  8:55  Viking x3  
  99  9:09  Thor  
  105  9:11  Hellion x2  
  109  9:21  Terran Vehicle Weapons Level 2  
  109  9:22  Missile Turret  
  109  9:24  Terran Vehicle And Ship Armor Level 1  
  109  9:25  Missile Turret  
  109  9:27  Missile Turret  
  109  9:35  Refinery  
  109  9:42  Orbital Command  
  109  9:49  Refinery  
  109  9:52  Supply Depot  
  109  9:53  Supply Depot  
  109  10:08  Missile Turret  
  109  10:14  Thor, Hellion x3  
  121  10:24  Supply Depot  
  121  10:35  Thor  
  121  10:36  Hellion  
  129  10:47  Supply Depot  
  129  10:57  Thor  
  135  11:10  Supply Depot  
  135  11:16  Widow Mine x2  
  135  11:18  Thor  
  145  11:32  Supply Depot  
  145  11:38  Terran Vehicle Weapons Level 3, Terran Vehicle And Ship Armor Level 2, Hellion x2  
  149  11:41  Hellion  
  151  11:53  Viking x2  
  151  11:54  Viking  
  157  11:59  Hellion x2  
  157  12:01  Thor x2  
  169  12:24  Viking x2  
  173  13:47  Viking  
  173  13:50  Command Center  
  173  13:54  Missile Turret  
Tags
 
Add a new tag
Caveats
  • Supply blocks, unpowered buildings, or Contaminate may cause inaccurate times.
  • Supply counts are checked every 10 seconds.